 Dungeon Crawl Stone Soup version 0.28.0-53-g5a82cb258f (webtiles) character file.

Game seed: 4747210772839806071

33817 Stomo the Fighter (level 13, 0/183 HPs)
             Began as a Yellow Draconian Transmuter on July 6, 2022.
             Was a High Priest of Wu Jian.
             Slain by a death knight
             ... wielding a +4 broad axe
              (8 damage)
             ... on level 14 of the Dungeon.
             The game lasted 00:42:18 (19073 turns).

Stomo the Fighter (Yellow Draconian Transmuter)    Turns: 19073, Time: 00:42:18

Health: 0/183      AC: 26    Str: 19    XL:     13   Next: 38%
Magic:  2/29       EV:  2    Int: 13    God:    Wu Jian [*****.]
Gold:   1486       SH:  0    Dex: 13    Spells: 12/22 levels left

rFire   . . .      SeeInvis .     - Unarmed
rCold   . . .      Faith    .   (no shield)
rNeg    . . .      Spirit   .   (armour unavailable)
rPois   +          Reflect  .   (helmet currently unavailable)
rElec   .          Harm     .   (cloak currently unavailable)
rCorr   .          Rampage  .   (gloves currently unavailable)
Will    .....      NoTele   +   (boots currently unavailable)
Stlth   +.........              (no amulet)
HPRegen 0.40/turn               b - ring of magical power
MPRegen 0.21/turn               k - +4 ring of evasion

@: short of breath, tree-form, wereblooded, hasted, very quick
A: stationary, stasis, torment immunity, boosted hp, (spit acid), AC +8,
unfitting armour, (cold-blooded), (acid resistance), agile 1
a: Renounce Religion, Wall Jump, Serpent's Lash, Heavenly Storm


You were on level 14 of the Dungeon.
You worshipped Wu Jian.
Wu Jian was extremely pleased with you.
You were a tree.
You visited 2 branches of the dungeon, and saw 15 of its levels.
You also visited: Sewer and Bailey.

You collected 1486 gold pieces.

Inventory:

Missiles
 c - 3 throwing nets
Armour
 i - the +3 Mad Mage's Maulers (melded) {Infuse+∞ RegenMP Int-3}
   (You acquired it in a sewer)

   It empowers its wearer's blows with all of their magic.
   It causes its wearer's magical reserves to regenerate more quickly.
   Int:       It affects your intelligence (-3).
 t - a +0 cloak
 y - +0 acid dragon scales
Jewellery
 b - a ring of magical power (left branch)
 k - a +4 ring of evasion (right branch)
 w - a ring of willpower
 C - a +4 ring of evasion
 F - a ring of willpower
Wands
 j - a wand of iceblast (55)
 r - a wand of polymorph (13)
 B - a wand of flame (40)
 J - a wand of paralysis (6)
Scrolls
 a - 4 scrolls of identify
 e - 3 scrolls of immolation
 f - 3 scrolls of magic mapping
 m - 4 scrolls of teleportation
 o - 4 scrolls of fog
 p - a scroll of enchant weapon {unknown}
 v - 2 scrolls of enchant armour
 D - a scroll of amnesia
Potions
 d - 6 potions of curing
 h - 2 potions of flight
 l - 4 potions of cancellation
 n - a potion of magic
 q - 2 potions of might
 s - 2 potions of berserk rage
 u - a potion of degeneration
 x - a potion of ambrosia
 z - 2 potions of brilliance
 A - 4 potions of attraction
 G - 3 potions of haste
 H - a potion of resistance


   Skills:
 + Level 13.4 Fighting
 + Level 11.4 Dodging
 + Level 12.6 Unarmed Combat
 + Level 5.0 Spellcasting
 + Level 6.4 Transmutations
 + Level 5.2 Poison Magic


You had 12 spell levels left.
You knew the following spells:

 Your Spells              Type           Power      Damage    Failure   Level
a - Beastly Appendage     Tmut           40%        N/A       1%          1
b - Wereblood             Tmut           20%        N/A       1%          2
c - Eringya's Noxious Bo  Tmut/Pois      9%         N/A       95%         6
d - Apportation           Tloc           6%         N/A       19%         1

Your spell library contained the following spells:

 Spells                   Type           Power      Damage    Failure   Level
 Spider Form              Tmut/Pois      18%        N/A       4%          3
 Poisonous Vapours        Pois/Air       20%        N/A       10%         2
 Animate Skeleton         Necr           6%         N/A       19%         1
 Summon Small Mammal      Summ           12%        N/A       19%         1
 Corpse Rot               Necr/Air       6%         N/A       28%         2
 Ice Form                 Ice/Tmut       11%        N/A       43%         4
 Dazzling Flash           Conj/Hex       6%         N/A       50%         3
 Ozocubu's Armour         Ice            3%         N/A       50%         3
 Agony                    Necr           3%         N/A       99%         5
 Silence                  Hex/Air        1%         N/A       99%         5
 Summon Forest            Summ/Tloc      1%         N/A       99%         5
 Ozocubu's Refrigeration  Ice            1%         4d5       100%        7
 Summon Hydra             Summ           1%         N/A       100%        7


Dungeon Overview and Level Annotations

Branches:
Dungeon (14/15)            Temple (1/1) D:4            Lair (0/6) D:11
    Orc (0/2) D:9           Sewer (visited)          Bailey (visited)
 Vaults: D:13-14

Altars:
Ashenzari
Cheibriados
Dithmenos
Elyvilon
Fedhas
Gozag
Hepliaklqana
Kikubaaqudgha
Makhleb
Nemelex Xobeh
Okawaru
Qazlal
Ru
Sif Muna
Trog
Uskayaw
Vehumet
Wu Jian
Xom
Yredelemnul
Zin
The Shining One
Beogh

Shops:
D:4 *?   D:9 ([

Portals:
Trove: D:10 (give 7 scrolls of fog)

Annotations:
D:10 2 runed translucent doors, Ghugh's ghost, novice DrCj
D:12 3 runed translucent doors, Radougitt's ghost, journeyman OpFE


Innate Abilities, Weirdness & Mutations

You are a tree.
Your roots penetrate the ground, keeping you stationary.
You cannot be teleported.
You are immune to unholy pain and torment.
Your maximum health is greatly increased.
Your equipment is partially melded.
((You can spit globs of acid.))
((Your golden yellow scales are hard. (AC +8)))
You cannot fit into any form of body armour.
((You are cold-blooded and may be slowed by cold attacks.))
((You are resistant to acid. (rCorr)))
You are agile. (Dex +2)


Message History

You headbutt the death knight!
Your tail-slap misses the death knight.
The death knight is lightly wounded.
You hit the death knight but do no damage.
You claw the death knight, but do no damage.
Your tail-slap misses the death knight.
The death knight is lightly wounded.
The death knight reflects your damage back at you!
* * * LOW HITPOINT WARNING * * *
The death knight completely misses you.
Unknown command.
Really quaff the potion of lignification?
Okay, then.
Really quaff the potion of lignification?
Your horns disappear.
Your talons disappear.
You turn into a tree.
The +3 Mad Mage's Maulers {Infuse+∞ RegenMP Int-3} melds into your body.
The surge of magic dissipates.
Your roots penetrate the ground.
The death knight hits you but does no damage.
The tengu conjurer hits you but does no damage.
The tengu conjurer pecks you but does no damage.
The tengu conjurer claws you but does no damage.
Unknown command.
Unknown command.
You pummel the tengu conjurer!!
You feel a bit better.
You kill the tengu conjurer!
The Council accepts your kill.
You hear a shout!
The death knight hits you with a +4 broad axe!
* * * LOW HITPOINT WARNING * * *
Unknown command.
You pummel the death knight!!
The death knight is moderately wounded.
The death knight reflects your damage back at you!
* * * LOW HITPOINT WARNING * * *
A tengu warrior comes into view.
It is wielding a +3 broad axe of flaming and wearing a +0 buckler of protection.
The death knight hits you with a +4 broad axe!
* * * LOW HITPOINT WARNING * * *
You feel yourself speed up.
The death knight hits you with a +4 broad axe!
You die...

############
#..♣pc......
#.#########.
... .....
.......
.......
.......
......#


You could see a death knight (reflects damage) and a centaur warrior.

Vanquished Creatures
  Rupert (D:13)
  Nessos (D:12)
  2 vault guards (Bailey)
  A boulder beetle (D:14)
  Harold (D:10)
  A hydra (D:13)
  Erica (D:10)
  2 centaur warriors (D:14)
  3 death yaks
  6 two-headed ogres
  An ugly thing (D:12)
  3 cyclopes
  Maurice (D:8)
  Joseph (D:8)
  An unseen horror (D:10)
  A tengu conjurer (D:14)
  6 trolls
  4 slime creatures
  Prince Ribbit (D:5)
  2 hornets (D:9)
  A blink frog (Bailey)
  Sigmund (D:6)
  A wyvern (D:9)
  3 wraiths
  5 yaks (D:9)
  2 shadows
  5 humans (Bailey)
  A steam dragon (D:9)
  7 vampire mosquitoes
  Menkaure (D:6)
  6 acid dragons
  2 water moccasins
  2 sky beasts
  7 orc warriors
  A black bear (D:5)
  2 ogres
  19 centaurs
  2 kobold brigands
  Blork the orc (D:5)
  9 bullfrogs
  A water moccasin zombie (D:5)
  4 gnoll sergeants
  2 scorpions
  A water moccasin skeleton (D:5)
  12 killer bees
  7 wights (D:8)
  4 howler monkeys
  4 hounds
  5 centaur zombies
  A jelly (D:4)
  3 orc priests
  2 bullfrog skeletons (D:5)
  2 centaur skeletons
  3 iguanas
  7 orc wizards
  3 killer bee zombies
  3 hound zombies (D:5)
  2 howler monkey zombies (D:5)
  22 gnolls
  7 adders
  7 river rats
  3 worms (D:5)
  2 dart slugs (D:2)
  48 orcs
  14 ball pythons
  4 endoplasms
  A giant cockroach (D:3)
  12 goblins
  5 hobgoblins
  8 jackals
  9 quokkas
  3 bats
  8 frilled lizards
  17 kobolds
  9 rats
363 creatures vanquished.

Vanquished Creatures (others)
  10 plants (Sewer)
  4 withered plants (D:5)
14 creatures vanquished.

Grand Total: 377 creatures vanquished

Notes
Turn   | Place    | Note
-------+----------+-------------------------------------------
     0 | D:1      | Stomo the Draconian Transmuter began the quest for the Orb.
     0 | D:1      | Reached XP level 1. HP: 16/16 MP: 3/3
   383 | D:1      | Reached XP level 2. HP: 23/23 MP: 3/5
   386 | D:1      | Learned a level 2 spell: Wereblood
   585 | D:1      | Found a faded altar of an unknown god.
   585 | D:1      | Noticed an Ice Fiend
  1150 | D:2      | Reached XP level 3. HP: 27/29 MP: 4/6
  1195 | D:2      | Reached skill level 2 in Fighting
  2279 | D:3      | Found an ancient bone altar of Kikubaaqudgha.
  2473 | D:3      | Reached XP level 4. HP: 12/37 MP: 7/7
  2773 | D:3      | Identified the +7 whip "Seelagg" {drain, Dex+2}
  3674 | D:4      | Reached skill level 3 in Fighting
  3674 | D:4      | Reached XP level 5. HP: 35/45 MP: 3/8
  3824 | D:4      | Noticed a water moccasin
  3833 | D:4      | Gained mutation: You are agile. (Dex +2) [potion of
                  | mutation]
  3843 | D:4      | Killed a water moccasin
  3844 | D:4      | Reached XP level 6. HP: 23/52 MP: 9/9
  3955 | D:4      | Found Virghe's Magic Scroll Shoppe.
  4061 | D:4      | Reached skill level 4 in Fighting
  4334 | D:4      | Reached skill level 5 in Unarmed Combat
  4334 | D:4      | Your scales start taking on a golden yellow colour.
  4334 | D:4      | Reached XP level 7. HP: 29/60 MP: 10/10
  4334 | D:4      | Gained mutation: You are resistant to acid. (rCorr) [Yellow
                  | Draconian growth]
  4513 | D:4      | Found Erphilyir's Lightly-Used Armoury.
  4643 | D:4      | Found a staircase to the Ecumenical Temple.
  4844 | Temple   | Entered the Ecumenical Temple
  4928 | Temple   | Became a worshipper of the Wu Jian Council
  4962 | D:5      | Entered Level 5 of the Dungeon
  4973 | D:5      | Noticed Blork the orc
  4981 | D:5      | Killed Blork the orc
  4996 | D:5      | Noticed Prince Ribbit
  5011 | D:5      | Killed Prince Ribbit
  5012 | D:5      | Reached skill level 5 in Fighting
  5036 | D:5      | Reached XP level 8. HP: 19/70 MP: 11/11
  5155 | D:5      | Reached skill level 5 in Dodging
  5161 | D:5      | Reached skill level 6 in Fighting
  5292 | D:5      | Reached * piety under Wu Jian
  5308 | D:5      | Found a glowing drain.
  5312 | Sewer    | Entered a sewer
  5967 | Sewer    | Identified a scroll of acquirement
  5967 | Sewer    | Acquired the +3 Mad Mage's Maulers {Infuse+∞ RegenMP Int-3}
  5967 | Sewer    | Found the +3 Mad Mage's Maulers {Infuse+∞ RegenMP Int-3}
  6334 | D:5      | Reached ** piety under Wu Jian
  6701 | D:5      | Reached skill level 7 in Fighting
  6737 | D:5      | Found a stormy altar of Qazlal.
  7152 | D:6      | Identified the +6 chain mail "Jucwecza" {+Inv rC++ Int+2}
  7176 | D:6      | Found a hazy altar of Hepliaklqana.
  7226 | D:6      | Reached XP level 9. HP: 78/79 MP: 0/12
  7434 | D:6      | Noticed Menkaure
  7440 | D:6      | Killed Menkaure
  7842 | D:6      | Noticed Sigmund
  7846 | D:6      | Killed Sigmund
  8091 | D:7      | Reached skill level 8 in Fighting
  8128 | D:7      | Found a flagged portal.
  8141 | Bailey   | Entered a bailey
  8173 | Bailey   | Reached *** piety under Wu Jian
  8398 | Bailey   | Reached skill level 9 in Fighting
  8405 | Bailey   | Reached XP level 10. HP: 79/91 MP: 1/13
  8541 | Bailey   | Noticed a vault guard
  8566 | Bailey   | Killed a vault guard
  8669 | Bailey   | Noticed a vault guard
  8707 | Bailey   | Killed a vault guard
  9071 | Bailey   | Reached skill level 11 in Fighting
  9071 | Bailey   | Reached skill level 10 in Unarmed Combat
  9071 | Bailey   | Reached XP level 11. HP: 102/102 MP: 14/14
  9184 | D:7      | Found a bloodstained altar of Trog.
  9192 | D:7      | Found a sacrificial altar of Ru.
  9277 | D:7      | Found a shimmering altar of Xom.
  9277 | D:7      | Noticed an angel
  9279 | D:7      | Found a glowing silver altar of Zin.
  9442 | D:7      | Found a white marble altar of Elyvilon.
  9578 | D:7      | Noticed a two-headed ogre
  9579 | D:7      | Noticed a two-headed ogre
  9599 | D:7      | Killed a two-headed ogre
  9599 | D:7      | Reached **** piety under Wu Jian
  9600 | D:7      | Reached skill level 10 in Dodging
  9608 | D:7      | Killed a two-headed ogre
  9912 | D:7      | Found a burning altar of Makhleb.
 10091 | D:7      | Acquired 581 gold pieces
 10098 | D:7      | Reached skill level 12 in Fighting
 10176 | D:7      | Identified the +0 chain mail of Freedom {rCorr}
 10512 | D:8      | Noticed Maurice
 10527 | D:8      | Killed Maurice
 10855 | D:8      | Noticed Joseph
 10863 | D:8      | Killed Joseph
 11088 | D:8      | Noticed a two-headed ogre
 11093 | D:8      | Killed a two-headed ogre
 11094 | D:8      | Reached XP level 12. HP: 113/113 MP: 0/15
 11666 | D:9      | Found Yvvituxta's Weapon Boutique.
 11666 | D:9      | Found a staircase to the Orcish Mines.
 11820 | D:9      | Found Woilad's Armour Boutique.
 11939 | D:9      | Found a sparkling altar of Nemelex Xobeh.
 12548 | D:10     | Entered Level 10 of the Dungeon
 12832 | D:10     | Noticed a two-headed ogre
 12841 | D:10     | Killed a two-headed ogre
 13022 | D:10     | Noticed Erica
 13031 | D:10     | Killed Erica
 13032 | D:10     | Reached ***** piety under Wu Jian
 13173 | D:10     | Found a runed translucent door.
 13175 | D:10     | Found a runed translucent door.
 13180 | D:10     | Noticed a frost giant
 13180 | D:10     | Noticed a lich
 13198 | D:10     | Noticed Harold
 13538 | D:10     | Killed Harold
 13539 | D:10     | Reached skill level 13 in Fighting
 13694 | D:10     | Noticed Ghugh's ghost (novice DrCj)
 13750 | D:10     | Noticed a two-headed ogre
 13755 | D:10     | Killed a two-headed ogre
 14092 | D:10     | Found a portal to a secret trove of treasure.
 14266 | D:10     | Learned a level 6 spell: Eringya's Noxious Bog
 14345 | D:11     | Noticed a death yak
 14349 | D:11     | Noticed a death yak
 14350 | D:11     | Noticed a death yak
 14380 | D:10     | Killed a death yak
 14381 | D:10     | Reached skill level 1 in Poison Magic
 14433 | D:10     | Killed a death yak
 14524 | D:11     | Killed a death yak
 14599 | D:11     | Found a staircase to the Lair.
 14958 | D:11     | Reached skill level 5 in Transmutations
 15462 | D:12     | Found a runed translucent gate.
 15462 | D:12     | Found a runed translucent gate.
 15464 | D:12     | Found a runed translucent gate.
 15465 | D:12     | Noticed Radougitt's ghost (journeyman OpFE)
 15469 | D:12     | Identified the +5 plate armour of Ubiquitous Happiness
                  | {rF+}
 15544 | D:12     | Noticed Nessos
 15568 | D:12     | Killed Nessos
 16115 | D:12     | Reached XP level 13. HP: 122/122 MP: 0/19
 16567 | D:12     | Learned a level 1 spell: Apportation
 17311 | D:13     | Noticed Rupert
 18240 | D:13     | Killed Rupert
 18525 | D:14     | Reached skill level 5 in Poison Magic
 18930 | D:14     | Reached skill level 5 in Spellcasting
 19072 | D:14     | HP: 7/183 [death knight/+4 broad axe (15)]
 19073 | D:14     | Slain by a death knight

Illustrated notes

Levels and vault maps discovered:
D:1:      ebering_hopf_link, layout_basic,
          dreamdust_ecumenical_altar_sealed_demon
D:2:      layout_loops_ring
D:3:      layout_basic, mainiacjoe_overflow_boulevard
D:4:      layout_loops_ring, minmay_temple_entry_statues, serial_shops, shop,
          minmay_shop_damaged
D:5:      layout_gridville, grunt_qazlal_clouds, serial_undead, serial_undead_b,
          serial_undead_f, serial_undead_f, serial_undead_b, serial_undead_e,
          serial_undead_f, gup_sewer_entry_spiral, uniq_blork_the_orc,
          uniq_prince_ribbit1
D:6:      layout_basic, lemuel_tele_altar, uniq_menkaure, uniq_sigmund
D:7:      minmay_the_grid_four_pointed_star
          [minmay_the_grid_triangle_9x9_longest,
          minmay_the_grid_triangle_9x9_stretched_checkered,
          minmay_the_grid_triangle_9x9_empty,
          minmay_the_grid_triangle_9x9_limited_checkers,
          minmay_the_grid_prize_big_room], layout_basic,
          grunt_temple_overflow_order_and_chaos_1, makhleb_blood_cavern_becter,
          nicolae_elyvilon_peaceful_grove, mainiacjoe_overflow_catwalk_spiral,
          enter_bailey_3
D:8:      layout_basic, serial_glass, glass_columns_b, glass_columns_b,
          special_room [special_room_orc], uniq_maurice, uniq_joseph
D:9:      layout_basic, nemelex_spade_bored_becter, orc_david_3
D:10:     lemuel_flame_loot_2, layout_irregular_city,
          muffindrake_ghost_dual_entry, nicolae_trove_entry_columns,
          grunt_ogre_cave, roderic_filled_cross, uniq_erica, uniq_harold
D:11:     layout_long_grid, dpeg_lair_monsters, gauntlet_entry_generic
D:12:     layout_basic, biasface_ghost_orc_armoury, kennysheep_generic_room_15,
          uniq_nessos
D:13:     layout_loops_corners, uniq_rupert
D:14:     layout_basic, grunt_vaults_entry_tiered,
          minmay_misc_feat_four_crosses, special_room
          [special_room_mythical_zoo], minmay_tree_intersection
Temple:   nicolae_temple_hex_pool

Skill      XL: |  1  2  3  4  5  6  7  8  9 10 11 12 13 |
---------------+----------------------------------------+-----
Dodging        | 2 3 4 6 7 9 10 11 | 11.4
Fighting       | 2 3 4 5 7 9 11 12 13 | 13.4
Transmutations | 3 5 6 |  6.4
Unarmed Combat | 4 5 7 8 10 11 12 | 12.6
Poison Magic   | 4 5 |  5.2
Spellcasting   | 4 5 |  5.0

Action                   |  1- 3 |  4- 6 |  7- 9 | 10-12 | 13-15 || total
-------------------------+-------+-------+-------+-------+-------++-------
Melee: Unarmed           |   122 |    97 |   341 |   400 |    74 ||  1034
       Kick              |    25 |    26 |    84 |   112 |    23 ||   270
       Tailslap          |    10 |    18 |    30 |    52 |    13 ||   123
       Headbutt          |    12 |     6 |    48 |    68 |    16 ||   150
       Punch             |     2 |       |    15 |    34 |    11 ||    62
 Cast: Beastly Appendage |    37 |    20 |    47 |    56 |    15 ||   175
       Wereblood         |     3 |     3 |    29 |    29 |     8 ||    72
Invok: Lunge             |       |       |     8 |    36 |     7 ||    51
       Whirlwind         |       |       |    20 |    25 |       ||    45
       Serpent's Lash    |       |       |       |       |     1 ||     1
 Abil: Breathe Acid      |       |       |     5 |    14 |     3 ||    22
  Use: Potion            |       |     2 |       |     3 |     2 ||     7
       Scroll            |       |       |    11 |    19 |     1 ||    31
Armor: Skin              |    34 |    26 |    81 |    82 |    20 ||   243
Dodge: Dodged            |    72 |    53 |   306 |   311 |    77 ||   819
